 Dungeon Crawl Stone Soup version 0.28.0 (webtiles) character file.

Game seed: 11108820557593976373

21 multipassport the Charlatan (level 2, 0/24 HPs)
             Began as a Hill Orc Artificer on Feb 9, 2022.
             Frozen to death by an endoplasm (4 damage)
             ... on level 2 of the Dungeon.
             The game lasted 00:02:39 (1270 turns).

multipassport the Charlatan (Hill Orc Artificer)    Turns: 1270, Time: 00:02:40

Health: 0/24       AC:  3    Str: 14    XL:     2   Next: 83%
Magic:  2/2        EV: 11    Int: 11    God:
Gold:   59         SH:  0    Dex: 11    Spells: 1/1 levels left

rFire   . . .      SeeInvis .   a - +0 club
rCold   . . .      Faith    .   (no shield)
rNeg    . . .      Spirit   .   b - +0 leather armour
rPois   .          Reflect  .   (no helmet)
rElec   .          Harm     .   (no cloak)
rCorr   .          Rampage  .   (no gloves)
Will    .....                   (no boots)
Stlth   +.........              (no amulet)
HPRegen 0.08/turn               (no ring)
MPRegen 0.08/turn               (no ring)

@: no status effects
A: no striking features
a: no special abilities


You were on level 2 of the Dungeon.
You visited 1 branch of the dungeon, and saw 2 of its levels.

You collected 59 gold pieces.

Inventory:

Hand Weapons
 a - a +0 club (weapon)
Armour
 b - a +0 leather armour (worn)
 f - a +0 ring mail
Wands
 c - a wand of flame (15) (quivered)
 d - a wand of charming (15)
Scrolls
 g - a scroll of blinking {unknown}
Potions
 h - a potion of cancellation {unknown}
 i - a potion of lignification {unknown}
Miscellaneous
 e - a piece from Xom's chessboard (15/15)


   Skills:
 + Level 2.1 Fighting
 + Level 2.7 Armour
 + Level 1.3 Dodging
 - Level 0.7 Stealth
 - Level 3.0 Evocations


You had one spell level left.
You didn't know any spells.
Your spell library was empty.

Dungeon Overview and Level Annotations

Branches:
Dungeon (2/15)

Altars:


Message History

The ball python constricts you.
The endoplasm hits you but does no damage.
The ball python bites you but does no damage.
The ball python constricts you.
You closely miss the ball python.
The ball python bites you but does no damage.
The ball python constricts you. The endoplasm hits you.
You closely miss the ball python. The ball python bites you.
The ball python constricts you. The endoplasm freezes you.
You are frozen.
The ball python closely misses you. The ball python constricts you.
The endoplasm freezes you.
You are frozen.
You hit the ball python.
The ball python is severely wounded.
The ball python completely misses you. The ball python constricts you.
The endoplasm freezes you.
You are frozen.
The ball python bites you. The ball python constricts you.
You closely miss the ball python.
The ball python is severely wounded.
The endoplasm hits you. The ball python barely misses you.
The ball python constricts you.
Unknown command.
You closely miss the ball python.
The ball python is severely wounded.
The ball python barely misses you. The ball python constricts you.
The endoplasm closely misses you. The ball python barely misses you.
The ball python constricts you. The endoplasm freezes you.
You are frozen.
* * * LOW HITPOINT WARNING * * *
You hit the ball python.
You kill the ball python!
The endoplasm hits you.
* * * LOW HITPOINT WARNING * * *
You hit the endoplasm but do no damage. The endoplasm freezes you.
You are frozen.
You die...

.. . #. . ##. ##.
.. .. ##.#.# .
.####.... #.#
......#.#######...#
............J.....#
.####.#.##.@.$.....
###.#.##.......#.
#.....####.......
#.#.### ###.#..
#.#.# # . # #†..#
## ###..## .##
#....# ..# #.##.#


You could see an endoplasm.

Vanquished Creatures
  5 ball pythons
  An endoplasm (D:1)
  2 giant cockroaches
  A hobgoblin (D:1)
  A bat (D:1)
  2 frilled lizards (D:1)
  3 goblins (D:1)
  3 kobolds (D:1)
  2 rats (D:1)
20 creatures vanquished.

Notes
Turn   | Place    | Note
-------+----------+-------------------------------------------
     0 | D:1      | multipassport the Hill Orc Artificer began the quest for
                  | the Orb.
     0 | D:1      | Reached XP level 1. HP: 16/16 MP: 1/1
   227 | D:1      | Reached skill level 1 in Dodging
   303 | D:1      | Reached XP level 2. HP: 24/24 MP: 2/2
  1270 | D:2      | Frozen to death by an endoplasm

Illustrated notes

Levels and vault maps discovered:
D:1:      matt_arrival_grand_opening, layout_loops_ring,
          chequers_serial_rivers_small_b
D:2:      layout_rooms, basic_ecumenical_altar

Skill      XL: |  1  2 |
---------------+-------+-----
Dodging        | 1 |  1.3
Fighting       | 2 |  2.1
Armour         | |  2.7
Stealth        | |  0.7
Evocations     | |  3.0

Action                   || total
-------------------------++-------
Melee: Club              ||    64
Armor: Leather armour    ||    20
Dodge: Dodged            ||    41
